 Dungeon Crawl Stone Soup version 0.29.0-4-gdea44cf6ec (webtiles) character file.

Game seed: 2113871252174631888

101837 qw the Severer (level 16, -7/108 HPs)
             Began as a Gargoyle Berserker on Sept 8, 2022.
             Was an Elder of Trog.
             Mangled by a water elemental (11 damage)
             ... summoned by Ilsuiw
             ... on level 2 of the Shoals.
             The game lasted 00:13:00 (35630 turns).

qw the Severer (Gargoyle Berserker)                Turns: 35630, Time: 00:13:00

Health: -7/108     AC: 41    Str: 29    XL:     16   Next: 31%
Magic:  16/16      EV: 14    Int:  8    God:    Trog [****..]
Gold:   1594       SH: 17    Dex: 12    Spells: 15/15 levels left

rFire   + + .      SeeInvis +   Y - +0 broad axe
rCold   . . .      Faith    .   k - +0 kite shield
rNeg    + . .      Spirit   .   p - +5 chain mail "Boguyt" {rF+ Dex+3}
rPois   inf        Reflect  +   t - +2 helmet
rElec   +          Harm     .   i - +0 cloak
rCorr   .          Rampage  .   q - +2 pair of gloves
Will    +....                   g - +2 pair of boots
Stlth   ..........              c - amulet "Jyafil" {Reflect rPois rF+ SH+5}
HPRegen 0.28/turn               s - +4 ring of evasion
MPRegen 0.15/turn               v - ring of see invisible

@: about to teleport, engulfed, on berserk cooldown, flying, mesmerised, slowed,
very slow
A: sickness immunity, AC +12, big wings, negative energy resistance 1,
electricity resistance, torment resistance 1, petrification resistance
a: Renounce Religion, Berserk, Trog's Hand, Brothers in Arms


You were on level 2 of the Shoals.
You worshipped Trog.
Trog was greatly pleased with you.
You visited 4 branches of the dungeon, and saw 24 of its levels.

You collected 3754 gold pieces.
You spent 2160 gold pieces at shops.


Innate Abilities, Weirdness & Mutations

You are immune to sickness and miasma.
Your stone body is resilient. (AC +12)
You are immune to poison.
Your large and strong wings let you fly.
You resist negative energy. (rN+)
You are resistant to electric shocks. (rElec)
You are resistant to unholy torment.
You are immune to petrification.


   Skills:
 - Level 15.0 Fighting
 + Level 16.6 Axes
 - Level 4.1 Throwing
 - Level 12.4 Armour
 - Level 5.0 Dodging
 - Level 14.1 Shields


You had 15 spell levels left.
You didn't know any spells.
Your spell library was empty.

Inventory:

Hand Weapons
 f - a +3 vampiric morningstar
 Y - a +0 broad axe (weapon)
Missiles
 u - 31 boomerangs (quivered)
Armour
 g - a +2 pair of boots (worn)
 i - a +0 cloak (worn)
 k - a +0 kite shield (worn)
 p - the +5 chain mail "Boguyt" (worn) {rF+ Dex+3}
   (You bought it in a shop on level 15 of the Dungeon)

   Dex:       It affects your dexterity (+3).
   rF:        It protects you from fire.
 q - a +2 pair of gloves (worn)
 t - a +2 helmet (worn)
 x - the +3 plate armour of Space {rN+}
   (You bought it in a shop on level 1 of the Shoals)

   rN:        It protects you from negative energy.
Jewellery
 c - the amulet "Jyafil" (around neck) {Reflect rPois rF+ SH+5}
   (You bought it in a shop on level 2 of the Orcish Mines)

   [amulet of reflection]

   It reflects blocked missile attacks.
   rF:        It protects you from fire.
   rPois:     It protects you from poison.
   SH:        It affects your SH (+5).
 d - a ring of ice
 m - a ring of fire
 o - a +6 ring of dexterity
 s - a +4 ring of evasion (left hand)
 v - a ring of see invisible (right hand)
 w - a ring of fire
Scrolls
 a - 13 scrolls of identify
 y - a scroll of teleportation
Potions
 h - a potion of cancellation
 j - 11 potions of curing
 l - 4 potions of might
 n - a potion of haste
 r - 5 potions of mutation

Dungeon Overview and Level Annotations

Branches:
Dungeon (15/15)            Temple (0/1) D:4            Lair (5/5) D:11
 Shoals (2/4) Lair:3       Spider (0/4) Lair:3        Slime (0/5) Lair:4
    Orc (2/2) D:11            Elf (0/3) Orc:2        Vaults (0/5) D:14
 Depths (0/4) D:15

Altars:
Ashenzari
Dithmenos
Makhleb
Okawaru
Qazlal
Ru
Uskayaw
Vehumet
Xom
Jiyva

Shops:
D:1 *   D:4 [   D:15 *   Orc:2 ?=?(   Shoals:1 *   Shoals:2 !

Annotations:
D:9 1 runed translucent door, qw's ghost, journeyman MiFi
D:13 3 runed translucent doors, 00Nightcrawler's ghost, journeyman VSTm
Lair:3 1 runed translucent door, qw's ghost, journeyman MiBe
Shoals:2 Ilsuiw


Message History

Items here: % ))).
You miss Ilsuiw. You hit the merfolk impaler.
You closely miss the merfolk javelineer.
You slash the water elemental! You block the merfolk impaler's attack.
Ilsuiw hits you but does no damage. The water elemental barely misses you.
You block the merfolk siren's attack.
The merfolk javelineer throws a silver javelin.
The silver javelin pierces through you.
The snapping turtle bites you but does no damage.
The merfolk impaler hits you with a +2 trident of flaming!
The merfolk impaler burns you. The merfolk siren barely misses you.
You block Ilsuiw's attack. The water elemental hits you.
The water elemental engulfs you in water!
The merfolk siren chants a haunting song.
You are mesmerised by the merfolk siren!
The merfolk impaler misses you.
35629 ||| READING 2 scrolls of teleportation.
As you read the scroll of teleportation, it crumbles to dust.
You feel strangely unstable.
The merfolk javelineer throws a silver javelin.
The silver javelin pierces through you but does no damage.
The merfolk siren chants a haunting song.
The snapping turtle barely misses you. You block the merfolk impaler's attack.
Ilsuiw hits you with a +0 trident of freezing.
Ilsuiw freezes you.
The water elemental completely misses you.
You block the water elemental's attack.
The merfolk siren chants its luring song.
The snapping turtle completely misses you.
The merfolk impaler hits you but does no damage.
The merfolk javelineer throws a silver javelin.
The silver javelin pierces through you but does no damage.
The merfolk siren chants its luring song.
You hit the water elemental.
The water elemental is moderately damaged.
You hit the merfolk impaler. You slash the merfolk javelineer!
You slash the water elemental! You miss Ilsuiw.
You block the merfolk impaler's attack. You block Ilsuiw's attack.
The water elemental hits you!
You die...

.~~~~~~#~\.#...~~~~~~~~
~~..~~~~~~.......~~~~~~~
..)[.~~~~#.......~~~~~~~
......~~~~.......~~~[..
.....~~$~~......>......
~~~..~~~~~..).......##
~~~~~~~~~............##.
~~~~~~~~~......).E~.....
~~ ~~~~~~...~~..@EE....#
~~~~~~...~~mmmm....<.
~~~~~~~~~~~~tm.......
~~~~~~~~~~~###.~~.##
~~~~~~~~~. .~~..#
~~~~~~~.. ~~~~.. ~~~~~..
~~(.. ~~~~. ~~~..


You could see Ilsuiw (invisible), a merfolk impaler, a merfolk javelineer, a
snapping turtle, 3 water elementals and 2 merfolk sirens.

Vanquished Creatures
  Rupert (D:14)
  4 dire elephants
  Snorg (Lair:2)
  A great orb of eyes (D:15)
  A fire dragon (D:11)
  A catoblepas (D:14)
  3 boulder beetles
  2 hydras
  A death knight (D:14)
  A merfolk aquamancer (Shoals:1)
  3 two-headed ogres
  2 death yaks (Lair:5)
  8 centaur warriors
  An orc high priest (Orc:2)
  A spectral death yak (Lair:5)
  A fire crab (Lair:4)
  2 skeletal warriors (D:15)
  Lodul (D:14)
  4 sea snakes
  A spectral anaconda (Lair:5)
  6 harpies (Shoals:1)
  2 deep elf pyromancers
  4 necromancers (Lair:5)
  12 ugly things
  A wolf spider (D:15)
  An orc knight (D:14)
  5 fauns
  8 orc sorcerers
  4 manticores
  A salamander (D:15)
  Maurice (D:10)
  4 black mambas
  2 merfolk sirens
  2 water nymphs
  19 elephants
  13 cane toads
  4 gargoyles
  A torpor snail (Lair:4)
  A dire elephant skeleton (Lair:5)
  A rime drake (shapeshifter) (D:13)
  10 komodo dragons
  3 unseen horrors (D:11)
  A kobold demonologist (D:11)
  4 rime drakes
  A queen bee (D:9)
  9 merfolk
  6 trolls
  3 wind drakes
  2 polar bears
  A hornet (D:9)
  10 slime creatures
  4 spectral elephants (Lair:5)
  A tarantella (shapeshifter) (D:14)
  6 dream sheep
  17 blink frogs
  A snapping turtle (Shoals:1)
  A wraith (D:11)
  6 water elementals (Shoals:1)
  47 yaks
  A shadow (D:13)
  6 wyverns
  2 fire elementals (Orc:2)
  A basilisk (shapeshifter) (D:14)
  A death yak simulacrum (Lair:5)
  14 humans (D:14)
  4 basilisks
  4 steam dragons
  5 wargs (Orc:2)
  4 vampire mosquitoes
  12 water moccasins
  An acid dragon (D:11)
  An ice beast (D:6)
  9 orc warriors
  4 elephant zombies (Lair:5)
  A sky beast (D:5)
  2 black bears (D:5)
  7 wolves
  8 ogres
  4 boggarts (D:15)
  18 centaurs
  8 kobold brigands
  17 bullfrogs
  2 gnoll sergeants
  4 scorpions
  A cane toad simulacrum (Lair:5)
  4 wights (D:7)
  2 elephant simulacra (Lair:5)
  21 killer bees (D:9)
  2 howler monkeys
  5 electric eels
  4 hounds
  2 jellies
  20 orc priests
  3 gnoll boudas
  3 iguanas
  36 orc wizards
  29 gnolls
  10 adders
  An ufetubus (D:5)
  3 worms
  A dart slug (D:3)
  73 orcs
  7 ball pythons
  4 bats
  9 endoplasms
  6 giant cockroaches
  18 goblins
  9 hobgoblins
  5 jackals
  37 kobolds
  2 quokkas
  2 frilled lizards (D:1)
  7 rats
731 creatures vanquished.

Vanquished Creatures (collateral kills)
  Azrael (Orc:2)
  A skeletal warrior (D:15)
  An obsidian statue (Lair:5)
  An orc sorcerer (Orc:2)
  A merfolk siren (Shoals:2)
  A merfolk (Shoals:2)
  A snapping turtle (Shoals:2)
  3 yaks (Lair:2)
  A fire elemental (Orc:2)
  A warg (Orc:2)
  2 hell hounds (Orc:2)
  An orc wizard (Orc:2)
  3 orcs (Orc:2)
18 creatures vanquished.

Vanquished Creatures (others)
  2 wolves (Lair:1)
  15 fungi
  42 plants
  22 withered plants (Lair:5)
81 creatures vanquished.

Grand Total: 830 creatures vanquished

Notes
Turn   | Place    | Note
-------+----------+-------------------------------------------
     0 | D:1      | qw the Gargoyle Berserker began the quest for the Orb.
     0 | D:1      | Reached XP level 1. HP: 14/14 MP: 1/1
     0 | D:1      | 0 ||| qw: Version: 0.1-a-112-g44dc6cd
     0 | D:1      | 0 ||| qw: Game counter: 6703
     0 | D:1      | 0 ||| qw: Always use a shield: true
     0 | D:1      | 0 ||| qw: Do Orc after D:15 true
     0 | D:1      | 0 ||| qw: Do second Lair branch before Depths: true
     0 | D:1      | 0 ||| qw: Lair rune preference: random
     0 | D:1      | 0 ||| qw: Plans: Normal
     0 | D:1      | 0 ||| PLANNING D:1-11
   178 | D:1      | Reached skill level 3 in Axes
   289 | D:1      | 289 ||| Stepping ~*~*~tactically~*~*~ (stealth).
   291 | D:1      | Reached XP level 2. HP: 19/19 MP: 2/2
   296 | D:1      | 296 ||| Stepping ~*~*~tactically~*~*~ (stealth).
   297 | D:1      | 297 ||| Stepping ~*~*~tactically~*~*~ (stealth).
   298 | D:1      | 298 ||| Stepping ~*~*~tactically~*~*~ (stealth).
   300 | D:1      | 300 ||| Stepping ~*~*~tactically~*~*~ (stealth).
   333 | D:1      | 333 ||| Stepping ~*~*~tactically~*~*~ (stealth).
   337 | D:1      | 337 ||| INVOKING Berserk.
   654 | D:1      | 654 ||| Stepping ~*~*~tactically~*~*~ (stealth).
   656 | D:1      | 656 ||| Stepping ~*~*~tactically~*~*~ (stealth).
   893 | D:1      | Reached XP level 3. HP: 21/23 MP: 3/3
  1027 | D:1      | Reached ** piety under Trog
  1046 | D:1      | Found Mionn's Assorted Antiques.
  1054 | D:1      | 1054 ||| BUYING fizzy green potion (28 gold).
  1054 | D:1      | Bought a fizzy green potion for 28 gold pieces
  1054 | D:1      | 1054 ||| SHOPLISTING onyx ring (160 gold, have 9).
  1054 | D:1      | 1054 ||| SHOPLISTING scroll labelled ENLUTE CIHOX (32 gold,
                  | have 9).
  1054 | D:1      | 1054 ||| SHOPLISTING smoky blue potion (28 gold, have 9).
  1125 | D:1      | 1125 ||| UPGRADING to +0 leather armour.
  1135 | D:1      | 1135 ||| DROPPING +0 animal skin.
  1136 | D:1      | 1136 ||| UPGRADING to ring of resist corrosion.
  1137 | D:1      | 1137 ||| READING 4 scrolls labelled ABOPEI DENORO.
  1138 | D:1      | 1138 ||| READING scroll labelled ENLUTE CIHOX.
  1139 | D:1      | 1139 ||| READING 2 scrolls labelled AMIAXI USUOTIK.
  1140 | D:1      | 1140 ||| READING scroll of enchant weapon.
  1140 | D:1      | 1140 ||| ENCHANTING +1 hand axe.
  1141 | D:1      | 1141 ||| READING scroll labelled EGOETW UFAESTRO.
  1142 | D:1      | 1142 ||| READING scroll labelled GIDUUF ETTOLEB.
  1143 | D:1      | 1143 ||| DRINKING 2 black potions.
  1144 | D:1      | 1144 ||| READING 3 scrolls of identify.
  1144 | D:1      | 1144 ||| IDENTIFYING puce potion
  1145 | D:1      | 1145 ||| READING 2 scrolls of identify.
  1145 | D:1      | 1145 ||| IDENTIFYING fizzy green potion
  1146 | D:1      | 1146 ||| DROPPING potion of invisibility.
  1193 | D:2      | 1193 ||| INVOKING Berserk.
  1203 | D:2      | 1203 ||| STAIRDANCE
  1354 | D:2      | Identified the +6 chain mail of Xabb {rF+}
  1402 | D:2      | 1402 ||| Stepping ~*~*~tactically~*~*~ (stealth).
  1431 | D:2      | 1431 ||| READING scroll of enchant weapon.
  1431 | D:2      | 1431 ||| ENCHANTING +2 hand axe.
  1467 | D:2      | Reached skill level 4 in Axes
  1478 | D:2      | 1478 ||| INVOKING Berserk.
  1523 | D:2      | 1523 ||| FLEEEEING.
  2210 | D:2      | Found a faded altar of an unknown god.
  2212 | D:2      | 2212 ||| Stepping ~*~*~tactically~*~*~ (stealth).
  2213 | D:2      | 2213 ||| INVOKING Berserk.
  2217 | D:2      | Reached XP level 4. HP: 28/28 MP: 4/4
  2316 | D:2      | 2316 ||| UPGRADING to +6 chain mail of Xabb {rF+}.
  2326 | D:2      | 2326 ||| DROPPING +0 leather armour.
  2327 | D:2      | 2327 ||| READING scroll labelled MAXIZ CONAIF.
  2330 | D:2      | 2330 ||| READING 2 scrolls of identify.
  2330 | D:2      | 2330 ||| IDENTIFYING sapphire potion
  2331 | D:2      | 2331 ||| DROPPING potion of magic.
  2441 | D:3      | 2441 ||| Stepping ~*~*~tactically~*~*~ (stealth).
  2444 | D:3      | 2444 ||| Stepping ~*~*~tactically~*~*~ (stealth).
  2496 | D:3      | 2496 ||| READING scroll of enchant weapon.
  2496 | D:3      | 2496 ||| ENCHANTING +3 hand axe.
  2569 | D:3      | Reached skill level 5 in Axes
  2569 | D:3      | Reached XP level 5. HP: 27/32 MP: 5/5
  2694 | D:3      | 2694 ||| INVOKING Berserk.
  2735 | D:3      | HP: 8/33 [gnoll/+2 halberd of flaming[a gnoll bouda] (8)]
  2739 | D:3      | 2739 ||| INVOKING Berserk.
  2983 | D:3      | 2983 ||| DROPPING +0 whip.
  3067 | D:3      | Found a radiant altar of Vehumet.
  3470 | D:3      | Reached XP level 6. HP: 37/38 MP: 6/6
  3565 | D:3      | 3565 ||| UPGRADING to +6 ring of dexterity.
  3566 | D:3      | 3566 ||| READING 2 scrolls labelled ZOURIE LOADDA.
  3567 | D:3      | 3567 ||| READING scroll labelled YWEOKA HERIEC.
  3568 | D:3      | 3568 ||| DRINKING 2 bubbling inky potions.
  3569 | D:3      | 3569 ||| DRINKING 2 purple potions.
  3570 | D:3      | 3570 ||| DRINKING 2 smoky blue potions.
  3571 | D:3      | 3571 ||| READING 2 scrolls of identify.
  3571 | D:3      | 3571 ||| IDENTIFYING grey potion
  3572 | D:3      | 3572 ||| DROPPING potion of attraction.
  3573 | D:3      | 3573 ||| DROPPING potion of degeneration.
  3574 | D:3      | 3574 ||| DROPPING potion of brilliance.
  3653 | D:4      | You fall into a shaft and drop 1 floor!
  3653 | D:5      | Entered Level 5 of the Dungeon
  3654 | D:5      | Noticed a black bear
  3659 | D:5      | 3659 ||| INVOKING Berserk.
  3664 | D:5      | Killed a black bear
  3665 | D:5      | Reached skill level 6 in Axes
  3756 | D:5      | 3756 ||| INVOKING Berserk.
  3911 | D:5      | 3911 ||| READING scroll labelled SONUALECATH.
  3912 | D:5      | 3912 ||| READING 2 scrolls of identify.
  3912 | D:5      | 3912 ||| IDENTIFYING pink potion
  3913 | D:5      | 3913 ||| DROPPING potion of lignification.
  3998 | D:4      | 3998 ||| Stepping ~*~*~tactically~*~*~ (hiding).
  4000 | D:4      | 4000 ||| Stepping ~*~*~tactically~*~*~ (hiding).
  4001 | D:4      | 4001 ||| INVOKING Berserk.
  4139 | D:4      | 4139 ||| Stepping ~*~*~tactically~*~*~ (stealth).
  4178 | D:4      | Reached *** piety under Trog
  4326 | D:4      | Found a staircase to the Ecumenical Temple.
  4343 | D:4      | 4343 ||| INVOKING Berserk.
  4346 | D:4      | Reached XP level 7. HP: 43/43 MP: 7/7
  4488 | D:4      | Found Argus's Dragon-Slaying Spoils.
  4495 | D:4      | 4495 ||| SHOPLISTING +0 gold dragon scales (960 gold, have
                  | 222).
  4495 | D:4      | 4495 ||| SHOPLISTING +0 pearl dragon scales (1200 gold,
                  | have 222).
  4520 | D:4      | Noticed a +0 dagger
  4520 | D:4      | Noticed a +0 hand axe
  4522 | D:4      | Found a hide-covered altar of Uskayaw.
  4534 | D:4      | Reached skill level 7 in Axes
  5274 | D:4      | 5274 ||| UPGRADING to +0 pair of boots.
  5279 | D:4      | 5279 ||| READING scroll of enchant armour.
  5279 | D:4      | 5279 ||| ENCHANTING +0 pair of boots.
  5280 | D:4      | 5280 ||| READING scroll labelled DIMMUN ALAXO.
  5442 | D:5      | Reached skill level 3 in Armour
  5499 | D:5      | 5499 ||| INVOKING Berserk.
  5694 | D:5      | Reached XP level 8. HP: 43/49 MP: 8/8
  5860 | D:5      | 5860 ||| Stepping ~*~*~tactically~*~*~ (hiding).
  5861 | D:5      | 5861 ||| Stepping ~*~*~tactically~*~*~ (hiding).
  5867 | D:5      | 5867 ||| INVOKING Berserk.
  5884 | D:5      | Reached skill level 8 in Axes
  5988 | D:5      | 5988 ||| READING scroll of enchant weapon.
  5988 | D:5      | 5988 ||| ENCHANTING +4 hand axe.
  6235 | D:5      | 6235 ||| READING scroll labelled DAIKHL BAMEUDIL.
  6434 | D:6      | 6434 ||| Stepping ~*~*~tactically~*~*~ (hiding).
  6441 | D:6      | 6441 ||| Stepping ~*~*~tactically~*~*~ (stealth).
  6743 | D:6      | 6743 ||| INVOKING Berserk.
  7041 | D:6      | Reached skill level 6 in Fighting
  7304 | D:6      | 7304 ||| UPGRADING to amulet of the acrobat.
  7343 | D:7      | 7343 ||| PLANNING OSSUARY
  7399 | D:7      | Noticed a wyvern
  7414 | D:7      | Killed a wyvern
  7524 | D:7      | 7524 ||| INVOKING Berserk.
  7526 | D:7      | HP: 14/76 [wight/+0 war axe (11)]
  7529 | D:7      | Reached XP level 9. HP: 16/55 MP: 9/9
  7531 | D:7      | Reached skill level 9 in Axes
  7767 | D:7      | 7767 ||| SWAPPING to +0 war axe.
  7768 | D:7      | 7768 ||| DROPPING +0 flail.
  7769 | D:7      | 7769 ||| DROPPING +5 hand axe.
  7837 | D:7      | 7837 ||| Stepping ~*~*~tactically~*~*~ (hiding).
  7838 | D:7      | 7838 ||| Stepping ~*~*~tactically~*~*~ (hiding).
  7843 | D:7      | 7843 ||| INVOKING Berserk.
  7987 | D:7      | 7987 ||| Stepping ~*~*~tactically~*~*~ (hiding).
  7993 | D:7      | 7993 ||| INVOKING Berserk.
  8008 | D:7      | 8008 ||| Stepping ~*~*~tactically~*~*~ (stealth).
  8014 | D:7      | 8014 ||| RIP OSSUARY
  8022 | D:7      | 8022 ||| PLANNING D:1-11
  8054 | D:7      | 8054 ||| Stepping ~*~*~tactically~*~*~ (stealth).
  8055 | D:7      | 8055 ||| Stepping ~*~*~tactically~*~*~ (stealth).
  8072 | D:7      | Noticed a troll
  8073 | D:7      | 8073 ||| INVOKING Berserk.
  8078 | D:7      | Killed a troll
  8303 | D:7      | 8303 ||| INVOKING Berserk.
  8755 | D:7      | 8755 ||| READING scroll labelled NUTIUS CIURHIQ.
  8841 | D:8      | Reached skill level 10 in Axes
  8977 | D:8      | 8977 ||| Stepping ~*~*~tactically~*~*~ (hiding).
  9016 | D:8      | 9016 ||| INVOKING Berserk.
  9037 | D:8      | HP: 14/57 [electric eel/bolt of electricity (3)]
  9038 | D:8      | 9038 ||| READING 2 scrolls of teleportation.
  9469 | D:8      | Found a flagged portal.
  9470 | D:8      | 9470 ||| Stepping ~*~*~tactically~*~*~ (water).
  9473 | D:8      | 9473 ||| INVOKING Berserk.
  9633 | D:8      | 9633 ||| FLEEEEING.
  9784 | D:8      | 9784 ||| INVOKING Berserk.
 10077 | D:8      | 10077 ||| INVOKING Berserk.
 10082 | D:8      | Reached XP level 10. HP: 64/64 MP: 10/10
 10238 | D:8      | 10238 ||| DROPPING +6 ring of intelligence.
 10239 | D:8      | 10239 ||| READING scroll labelled IDYINO JOXUT.
 10340 | D:8      | 10340 ||| READING 4 scrolls of identify.
 10340 | D:8      | 10340 ||| IDENTIFYING lumpy purple potion
 10415 | D:9      | 10415 ||| Stepping ~*~*~tactically~*~*~ (hiding).
 10416 | D:9      | 10416 ||| Stepping ~*~*~tactically~*~*~ (stealth).
 10440 | D:9      | 10440 ||| INVOKING Berserk.
 10612 | D:9      | 10612 ||| Stepping ~*~*~tactically~*~*~ (stealth).
 10615 | D:9      | 10615 ||| Stepping ~*~*~tactically~*~*~ (stealth).
 10616 | D:9      | Reached **** piety under Trog
 10617 | D:9      | Reached skill level 11 in Axes
 10640 | D:9      | Reached skill level 3 in Dodging
 10945 | D:9      | 10945 ||| Stepping ~*~*~tactically~*~*~ (stealth).
 10950 | D:9      | 10950 ||| Stepping ~*~*~tactically~*~*~ (stealth).
 11138 | D:9      | Found a runed translucent door.
 11176 | D:9      | 11176 ||| Stepping ~*~*~tactically~*~*~ (stealth).
 11180 | D:9      | 11180 ||| Stepping ~*~*~tactically~*~*~ (stealth).
 11182 | D:9      | 11182 ||| Stepping ~*~*~tactically~*~*~ (stealth).
 11187 | D:9      | 11187 ||| Stepping ~*~*~tactically~*~*~ (stealth).
 11191 | D:9      | 11191 ||| Stepping ~*~*~tactically~*~*~ (stealth).
 11197 | D:9      | Reached skill level 9 in Fighting
 11206 | D:9      | Reached skill level 6 in Armour
 11209 | D:9      | 11209 ||| INVOKING Berserk.
 11344 | D:9      | 11344 ||| FLEEEEING.
 11345 | D:9      | 11345 ||| FLEEEEING.
 11346 | D:9      | 11346 ||| FLEEEEING.
 11347 | D:9      | 11347 ||| FLEEEEING.
 11348 | D:9      | 11348 ||| FLEEEEING.
 11349 | D:9      | 11349 ||| FLEEEEING.
 11350 | D:9      | 11350 ||| FLEEEEING.
 11351 | D:9      | 11351 ||| FLEEEEING.
 11352 | D:9      | 11352 ||| FLEEEEING.
 11353 | D:9      | 11353 ||| FLEEEEING.
 11358 | D:9      | 11358 ||| Stepping ~*~*~tactically~*~*~ (stealth).
 11361 | D:9      | 11361 ||| Stepping ~*~*~tactically~*~*~ (stealth).
 11365 | D:9      | 11365 ||| Stepping ~*~*~tactically~*~*~ (stealth).
 11366 | D:9      | 11366 ||| Stepping ~*~*~tactically~*~*~ (stealth).
 11388 | D:9      | 11388 ||| DROPPING +4 flail of freezing.
 11421 | D:9      | Noticed a two-headed ogre
 11425 | D:9      | 11425 ||| INVOKING Berserk.
 11431 | D:9      | Killed a two-headed ogre
 11497 | D:9      | Noticed a two-headed ogre
 11501 | D:9      | 11501 ||| INVOKING Berserk.
 11504 | D:9      | Killed a two-headed ogre
 11505 | D:9      | Reached skill level 12 in Axes
 11661 | D:9      | 11661 ||| Stepping ~*~*~tactically~*~*~ (stealth).
 11686 | D:9      | 11686 ||| Stepping ~*~*~tactically~*~*~ (stealth).
 11748 | D:9      | 11748 ||| Stepping ~*~*~tactically~*~*~ (stealth).
 11765 | D:9      | Reached XP level 11. HP: 71/71 MP: 11/11
 11882 | D:9      | 11882 ||| Stepping ~*~*~tactically~*~*~ (stealth).
 11889 | D:9      | 11889 ||| INVOKING Berserk.
 11984 | D:9      | 11984 ||| Stepping ~*~*~tactically~*~*~ (stealth).
 12032 | D:9      | 12032 ||| Stepping ~*~*~tactically~*~*~ (stealth).
 12414 | D:9      | Found a faded altar of an unknown god.
 12414 | D:9      | Found a stormy altar of Qazlal.
 12421 | D:9      | Found a broken altar of Ashenzari.
 12423 | D:9      | Found a faded altar of an unknown god.
 12425 | D:9      | Found a burning altar of Makhleb.
 12863 | D:9      | Noticed qw's ghost (journeyman MiFi)
 12864 | D:9      | 12864 ||| UPGRADING to +0 kite shield.
 12869 | D:9      | 12869 ||| UPGRADING to ring of willpower.
 12871 | D:9      | 12871 ||| READING scroll labelled UXUPRY EBLAY.
 12871 | D:9      | Identified a scroll of acquirement
 12871 | D:9      | 12871 ||| ACQUIRING 904 gold pieces
 12871 | D:9      | Acquired 904 gold pieces
 12883 | D:10     | Entered Level 10 of the Dungeon
 12898 | D:10     | Found a shadowy altar of Dithmenos.
 12924 | D:10     | 12924 ||| Stepping ~*~*~tactically~*~*~ (stealth).
 12931 | D:10     | 12931 ||| Stepping ~*~*~tactically~*~*~ (stealth).
 12947 | D:10     | Reached skill level 1 in Shields
 12948 | D:10     | 12948 ||| Stepping ~*~*~tactically~*~*~ (stealth).
 12984 | D:10     | Reached skill level 3 in Shields
 12986 | D:10     | 12986 ||| FLEEEEING.
 12987 | D:10     | 12987 ||| FLEEEEING.
 12988 | D:10     | 12988 ||| FLEEEEING.
 12990 | D:10     | 12990 ||| FLEEEEING.
 12991 | D:10     | 12991 ||| FLEEEEING.
 12992 | D:10     | 12992 ||| FLEEEEING.
 12993 | D:10     | 12993 ||| FLEEEEING.
 12994 | D:10     | 12994 ||| FLEEEEING.
 12995 | D:10     | 12995 ||| FLEEEEING.
 12996 | D:10     | 12996 ||| FLEEEEING.
 12997 | D:10     | 12997 ||| FLEEEEING.
 13003 | D:10     | 13003 ||| FLEEEEING.
 13004 | D:10     | 13004 ||| FLEEEEING.
 13005 | D:10     | 13005 ||| FLEEEEING.
 13006 | D:10     | 13006 ||| STAIRDANCE
 13042 | D:10     | 13042 ||| STAIRDANCE
 13106 | D:10     | 13106 ||| Stepping ~*~*~tactically~*~*~ (hiding).
 13107 | D:10     | 13107 ||| Stepping ~*~*~tactically~*~*~ (hiding).
 13122 | D:10     | 13122 ||| Stepping ~*~*~tactically~*~*~ (stealth).
 13163 | D:10     | Noticed Maurice
 13164 | D:10     | 13164 ||| INVOKING Berserk.
 13188 | D:10     | Killed Maurice
 13296 | D:10     | 13296 ||| READING scroll of enchant weapon.
 13296 | D:10     | 13296 ||| ENCHANTING +0 war axe.
 13605 | D:10     | 13605 ||| INVOKING Berserk.
 13738 | D:10     | Found an iron altar of Okawaru.
 13824 | D:10     | 13824 ||| INVOKING Berserk.
 13846 | D:10     | 13846 ||| Stepping ~*~*~tactically~*~*~ (stealth).
 14059 | D:10     | 14059 ||| UPGRADING to +0 cloak.
 14064 | D:10     | 14064 ||| READING scroll labelled ZYELONTOEN.
 14065 | D:10     | 14065 ||| READING 5 scrolls of identify.
 14065 | D:10     | 14065 ||| IDENTIFYING coppery potion
 14105 | D:11     | Noticed a manticore
 14108 | D:11     | 14108 ||| INVOKING Berserk.
 14115 | D:11     | Killed a manticore
 14116 | D:11     | Reached skill level 6 in Shields
 14232 | D:11     | Noticed a manticore
 14235 | D:11     | 14235 ||| INVOKING Berserk.
 14239 | D:11     | Killed a manticore
 14377 | D:11     | Found a staircase to the Orcish Mines.
 14942 | D:11     | 14942 ||| Stepping ~*~*~tactically~*~*~ (stealth).
 14944 | D:11     | 14944 ||| Stepping ~*~*~tactically~*~*~ (hiding).
 15011 | D:11     | Found a staircase to the Lair.
 15024 | D:11     | Reached skill level 1 in Throwing
 15110 | D:11     | 15110 ||| Stepping ~*~*~tactically~*~*~ (stealth).
 15127 | D:11     | Reached ***** piety under Trog
 15432 | D:11     | Noticed a fire dragon
 15433 | D:11     | 15433 ||| INVOKING Brothers in Arms.
 15436 | D:11     | 15436 ||| INVOKING Berserk.
 15445 | D:11     | Killed a fire dragon
 15446 | D:11     | Reached skill level 9 in Shields
 15446 | D:11     | Reached XP level 12. HP: 77/77 MP: 12/12
 15719 | D:11     | 15719 ||| PLANNING LAIR
 15719 | D:11     | 15719 ||| UPGRADING to +0 pair of gloves.
 15724 | D:11     | 15724 ||| UPGRADING to +1 helmet.
 15729 | D:11     | 15729 ||| READING 4 scrolls of identify.
 15729 | D:11     | 15729 ||| IDENTIFYING fuming golden potion
 15730 | D:11     | 15730 ||| DROPPING potion of flight.
 15758 | Lair:1   | Entered Level 1 of the Lair of Beasts
 15777 | Lair:1   | 15777 ||| INVOKING Berserk.
 15953 | Lair:1   | 15953 ||| READING scroll of enchant weapon.
 15953 | Lair:1   | 15953 ||| ENCHANTING +1 war axe.
 16039 | Lair:1   | 16039 ||| INVOKING Berserk.
 16281 | Lair:1   | 16281 ||| Stepping ~*~*~tactically~*~*~ (hiding).
 16400 | Lair:1   | 16400 ||| INVOKING Berserk.
 16529 | Lair:1   | 16529 ||| INVOKING Berserk.
 17068 | Lair:1   | Noticed a boulder beetle
 17070 | Lair:1   | 17070 ||| INVOKING Berserk.
 17083 | Lair:1   | Killed a boulder beetle
 17683 | Lair:1   | 17683 ||| DROPPING ring of resist corrosion.
 17684 | Lair:1   | 17684 ||| UPGRADING to +4 ring of evasion.
 17686 | Lair:1   | 17686 ||| DROPPING ring of willpower.
 17791 | Lair:2   | 17791 ||| READING 2 scrolls of enchant armour.
 17791 | Lair:2   | 17791 ||| ENCHANTING +0 pair of gloves.
 17792 | Lair:2   | 17792 ||| READING scroll of enchant armour.
 17792 | Lair:2   | 17792 ||| ENCHANTING +1 pair of gloves.
 17913 | Lair:2   | Noticed a four-headed hydra
 17914 | Lair:2   | 17914 ||| INVOKING Brothers in Arms.
 17915 | Lair:2   | 17915 ||| INVOKING Brothers in Arms.
 17916 | Lair:2   | 17916 ||| INVOKING Brothers in Arms.
 17917 | Lair:2   | 17917 ||| INVOKING Brothers in Arms.
 17918 | Lair:2   | 17918 ||| INVOKING Brothers in Arms.
 17919 | Lair:2   | 17919 ||| INVOKING Brothers in Arms.
 17920 | Lair:2   | 17920 ||| INVOKING Brothers in Arms.
 17921 | Lair:2   | 17921 ||| INVOKING Brothers in Arms.
 17922 | Lair:2   | 17922 ||| SWAPPING to +0 vampiric whip.
 17923 | Lair:2   | 17923 ||| INVOKING Berserk.
 17933 | Lair:2   | Killed a four-headed hydra
 18026 | Lair:2   | 18026 ||| SWAPPING to +2 war axe.
 18081 | Lair:2   | 18081 ||| Stepping ~*~*~tactically~*~*~ (stealth).
 18082 | Lair:2   | 18082 ||| Stepping ~*~*~tactically~*~*~ (stealth).
 18084 | Lair:2   | 18084 ||| Stepping ~*~*~tactically~*~*~ (stealth).
 18090 | Lair:2   | 18090 ||| Stepping ~*~*~tactically~*~*~ (stealth).
 18093 | Lair:2   | 18093 ||| Stepping ~*~*~tactically~*~*~ (stealth).
 18197 | Lair:2   | Found a hide-covered altar of Uskayaw.
 18214 | Lair:2   | 18214 ||| Stepping ~*~*~tactically~*~*~ (hiding).
 18367 | Lair:2   | 18367 ||| INVOKING Berserk.
 18630 | Lair:2   | 18630 ||| Stepping ~*~*~tactically~*~*~ (hiding).
 18638 | Lair:2   | 18638 ||| Stepping ~*~*~tactically~*~*~ (stealth).
 18932 | Lair:2   | 18932 ||| Stepping ~*~*~tactically~*~*~ (hiding).
 19027 | Lair:2   | 19027 ||| READING 7 scrolls of identify.
 19027 | Lair:2   | 19027 ||| IDENTIFYING golden potion
 19062 | Lair:3   | Noticed Snorg
 19066 | Lair:3   | 19066 ||| STAIRDANCE
 19068 | Lair:2   | 19068 ||| INVOKING Berserk.
 19079 | Lair:2   | HP: 24/115 [Snorg (5)]
 19085 | Lair:2   | Killed Snorg
 19086 | Lair:2   | Reached skill level 3 in Throwing
 19370 | Lair:3   | Reached skill level 13 in Axes
 19538 | Lair:3   | 19538 ||| Stepping ~*~*~tactically~*~*~ (stealth).
 19540 | Lair:3   | 19540 ||| Stepping ~*~*~tactically~*~*~ (stealth).
 19565 | Lair:3   | 19565 ||| INVOKING Berserk.
 19658 | Lair:3   | 19658 ||| Stepping ~*~*~tactically~*~*~ (stealth).
 19747 | Lair:3   | 19747 ||| Stepping ~*~*~tactically~*~*~ (hiding).
 19847 | Lair:3   | 19847 ||| INVOKING Berserk.
 19850 | Lair:3   | Reached skill level 9 in Armour
 19850 | Lair:3   | Reached XP level 13. HP: 49/82 MP: 13/13
 20112 | Lair:3   | Found a staircase to the Shoals.
 20414 | Lair:3   | 20414 ||| INVOKING Berserk.
 20550 | Lair:3   | Found a runed translucent door.
 20551 | Lair:3   | Noticed qw's ghost (journeyman MiBe)
 20553 | Lair:3   | Identified the +8 trident of Puirhuecs {spect, rElec rCorr}
 20583 | Lair:3   | Found a hole to the Spider Nest.
 20850 | Lair:4   | Found a viscous altar of Jiyva.
 20851 | Lair:4   | Found a staircase to the Slime Pits.
 20859 | Lair:4   | 20859 ||| INVOKING Berserk.
 20914 | Lair:4   | 20914 ||| INVOKING Berserk.
 21137 | Lair:4   | 21137 ||| INVOKING Berserk.
 21146 | Lair:4   | Reached skill level 14 in Axes
 21311 | Lair:4   | 21311 ||| INVOKING Berserk.
 21548 | Lair:4   | 21548 ||| Stepping ~*~*~tactically~*~*~ (stealth).
 21552 | Lair:4   | 21552 ||| INVOKING Berserk.
 21615 | Lair:4   | 21615 ||| Stepping ~*~*~tactically~*~*~ (stealth).
 21636 | Lair:4   | 21636 ||| Stepping ~*~*~tactically~*~*~ (stealth).
 21638 | Lair:4   | 21638 ||| INVOKING Berserk.
 21770 | Lair:4   | 21770 ||| Stepping ~*~*~tactically~*~*~ (stealth).
 21953 | Lair:4   | 21953 ||| Stepping ~*~*~tactically~*~*~ (stealth).
 21965 | Lair:4   | 21965 ||| INVOKING Berserk.
 22394 | Lair:4   | 22394 ||| INVOKING Berserk.
 22693 | Lair:4   | Reached skill level 12 in Shields
 22693 | Lair:4   | 22693 ||| INVOKING Berserk.
 22974 | Lair:4   | 22974 ||| UPGRADING to ring of see invisible.
 23037 | Lair:5   | Entered Level 5 of the Lair of Beasts
 23040 | Lair:5   | 23040 ||| STAIRDANCE
 23103 | Lair:5   | 23103 ||| INVOKING Berserk.
 23387 | Lair:5   | 23387 ||| INVOKING Berserk.
 23407 | Lair:5   | Gained mutation: Your large and strong wings let you fly.
                  | [Gargoyle growth]
 23407 | Lair:5   | Reached XP level 14. HP: 55/90 MP: 14/14
 23478 | Lair:5   | 23478 ||| FLEEEEING.
 23479 | Lair:5   | 23479 ||| FLEEEEING.
 23480 | Lair:5   | 23480 ||| FLEEEEING.
 23486 | Lair:5   | 23486 ||| FLEEEEING.
 23487 | Lair:5   | 23487 ||| FLEEEEING.
 23488 | Lair:5   | 23488 ||| FLEEEEING.
 23489 | Lair:5   | 23489 ||| FLEEEEING.
 23491 | Lair:5   | 23491 ||| FLEEEEING.
 23492 | Lair:5   | 23492 ||| FLEEEEING.
 23493 | Lair:5   | 23493 ||| FLEEEEING.
 23499 | Lair:5   | 23499 ||| FLEEEEING.
 23500 | Lair:5   | 23500 ||| FLEEEEING.
 23501 | Lair:5   | 23501 ||| FLEEEEING.
 23502 | Lair:5   | 23502 ||| FLEEEEING.
 23503 | Lair:5   | 23503 ||| STAIRDANCE
 23613 | Lair:4   | 23613 ||| DROPPING ring of positive energy.
 23614 | Lair:4   | 23614 ||| READING 7 scrolls of identify.
 23614 | Lair:4   | 23614 ||| IDENTIFYING viscous puce potion
 23615 | Lair:4   | 23615 ||| DROPPING potion of berserk rage.
 23619 | Lair:5   | 23619 ||| STAIRDANCE
 23626 | Lair:4   | Reached skill level 15 in Axes
 23670 | Lair:5   | 23670 ||| STAIRDANCE
 23719 | Lair:5   | 23719 ||| STAIRDANCE
 23731 | Lair:5   | 23731 ||| STAIRDANCE
 23817 | Lair:5   | 23817 ||| Stepping ~*~*~tactically~*~*~ (stealth).
 23939 | Lair:5   | 23939 ||| READING scroll of enchant armour.
 23939 | Lair:5   | 23939 ||| ENCHANTING +1 helmet.
 23942 | Lair:5   | 23942 ||| INVOKING Brothers in Arms.
 23943 | Lair:5   | 23943 ||| INVOKING Brothers in Arms.
 23945 | Lair:5   | 23945 ||| SWAPPING to +0 vampiric whip.
 23946 | Lair:5   | 23946 ||| INVOKING Berserk.
 23963 | Lair:5   | 23963 ||| SWAPPING to +2 war axe.
 24076 | Lair:5   | Noticed a dire elephant
 24076 | Lair:5   | Noticed a dire elephant
 24076 | Lair:5   | Noticed a dire elephant
 24156 | Lair:5   | 24156 ||| FLEEEEING.
 24157 | Lair:5   | 24157 ||| FLEEEEING.
 24158 | Lair:5   | 24158 ||| FLEEEEING.
 24159 | Lair:5   | 24159 ||| FLEEEEING.
 24160 | Lair:5   | 24160 ||| FLEEEEING.
 24161 | Lair:5   | 24161 ||| FLEEEEING.
 24162 | Lair:5   | 24162 ||| FLEEEEING.
 24163 | Lair:5   | 24163 ||| FLEEEEING.
 24164 | Lair:5   | 24164 ||| FLEEEEING.
 24165 | Lair:5   | 24165 ||| FLEEEEING.
 24166 | Lair:5   | 24166 ||| FLEEEEING.
 24167 | Lair:5   | 24167 ||| FLEEEEING.
 24168 | Lair:5   | 24168 ||| FLEEEEING.
 24172 | Lair:5   | 24172 ||| FLEEEEING.
 24173 | Lair:5   | 24173 ||| FLEEEEING.
 24174 | Lair:5   | 24174 ||| FLEEEEING.
 24175 | Lair:5   | 24175 ||| FLEEEEING.
 24176 | Lair:5   | 24176 ||| FLEEEEING.
 24177 | Lair:5   | 24177 ||| FLEEEEING.
 24178 | Lair:5   | 24178 ||| FLEEEEING.
 24179 | Lair:5   | 24179 ||| FLEEEEING.
 24180 | Lair:5   | 24180 ||| FLEEEEING.
 24193 | Lair:5   | 24193 ||| FLEEEEING.
 24194 | Lair:5   | 24194 ||| FLEEEEING.
 24195 | Lair:5   | 24195 ||| FLEEEEING.
 24196 | Lair:5   | 24196 ||| FLEEEEING.
 24198 | Lair:5   | 24198 ||| FLEEEEING.
 24199 | Lair:5   | 24199 ||| FLEEEEING.
 24200 | Lair:5   | 24200 ||| FLEEEEING.
 24201 | Lair:5   | 24201 ||| FLEEEEING.
 24202 | Lair:5   | 24202 ||| STAIRDANCE
 24437 | Lair:5   | 24437 ||| READING scroll of enchant weapon.
 24437 | Lair:5   | 24437 ||| ENCHANTING +2 war axe.
 24523 | Lair:5   | 24523 ||| Stepping ~*~*~tactically~*~*~ (stealth).
 24552 | Lair:5   | Reached skill level 12 in Fighting
 24617 | Lair:5   | Found a shimmering altar of Xom.
 24857 | Lair:5   | 24857 ||| Stepping ~*~*~tactically~*~*~ (hiding).
 24895 | Lair:5   | 24895 ||| INVOKING Berserk.
 25151 | Lair:5   | 25151 ||| INVOKING Berserk.
 25398 | Lair:5   | 25398 ||| Stepping ~*~*~tactically~*~*~ (hiding).
 25401 | Lair:5   | 25401 ||| INVOKING Brothers in Arms.
 25676 | Lair:5   | 25676 ||| INVOKING Berserk.
 25692 | Lair:5   | Killed a dire elephant
 25713 | Lair:5   | Killed a dire elephant
 25714 | Lair:5   | HP: 20/92 [dire elephant (7)]
 25715 | Lair:5   | 25715 ||| READING 3 scrolls of teleportation.
 25716 | Lair:5   | 25716 ||| DRINKING 2 potions of heal wounds.
 25717 | Lair:5   | 25717 ||| DRINKING potion of heal wounds.
 25962 | Lair:5   | 25962 ||| INVOKING Berserk.
 26109 | Lair:5   | Reached skill level 16 in Axes
 26147 | Lair:5   | 26147 ||| INVOKING Berserk.
 26160 | Lair:5   | Killed a dire elephant
 26257 | Lair:5   | 26257 ||| PLANNING D
 26465 | D:12     | 26465 ||| Stepping ~*~*~tactically~*~*~ (hiding).
 26496 | D:12     | 26496 ||| DROPPING +0 vampiric whip.
 26627 | D:12     | 26627 ||| Stepping ~*~*~tactically~*~*~ (stealth).
 26630 | D:12     | 26630 ||| Stepping ~*~*~tactically~*~*~ (stealth).
 26886 | D:12     | 26886 ||| READING scroll of enchant weapon.
 26886 | D:12     | 26886 ||| ENCHANTING +3 war axe.
 27250 | D:13     | Found a runed translucent gate.
 27255 | D:13     | Found a runed translucent gate.
 27261 | D:13     | Found a runed translucent gate.
 27261 | D:13     | Noticed 00Nightcrawler's ghost (journeyman VSTm)
 27854 | D:13     | 27854 ||| READING scroll labelled YVIGINWOXT.
 27907 | D:14     | 27907 ||| INVOKING Berserk.
 28147 | D:14     | 28147 ||| Stepping ~*~*~tactically~*~*~ (stealth).
 28150 | D:14     | 28150 ||| Stepping ~*~*~tactically~*~*~ (stealth).
 28161 | D:14     | 28161 ||| Stepping ~*~*~tactically~*~*~ (stealth).
 28373 | D:14     | 28373 ||| Stepping ~*~*~tactically~*~*~ (hiding).
 28374 | D:14     | 28374 ||| Stepping ~*~*~tactically~*~*~ (hiding).
 28378 | D:14     | 28378 ||| Stepping ~*~*~tactically~*~*~ (hiding).
 28393 | D:14     | 28393 ||| Stepping ~*~*~tactically~*~*~ (hiding).
 28398 | D:14     | Reached XP level 15. HP: 96/96 MP: 15/15
 28525 | D:14     | 28525 ||| INVOKING Berserk.
 28614 | D:14     | 28614 ||| Stepping ~*~*~tactically~*~*~ (hiding).
 28655 | D:14     | 28655 ||| Stepping ~*~*~tactically~*~*~ (hiding).
 28804 | D:14     | 28804 ||| READING scroll of enchant weapon.
 28804 | D:14     | 28804 ||| ENCHANTING +4 war axe.
 28882 | D:14     | 28882 ||| Stepping ~*~*~tactically~*~*~ (stealth).
 28887 | D:14     | 28887 ||| INVOKING Berserk.
 28950 | D:14     | 28950 ||| FLEEEEING.
 29080 | D:14     | 29080 ||| Stepping ~*~*~tactically~*~*~ (stealth).
 29133 | D:14     | 29133 ||| Stepping ~*~*~tactically~*~*~ (stealth).
 29143 | D:14     | 29143 ||| Stepping ~*~*~tactically~*~*~ (hiding).
 29153 | D:14     | Noticed Rupert
 29154 | D:14     | 29154 ||| INVOKING Trog's Hand.
 29155 | D:14     | 29155 ||| INVOKING Brothers in Arms.
 29156 | D:14     | 29156 ||| INVOKING Berserk.
 29169 | D:14     | Killed Rupert
 29225 | D:14     | 29225 ||| FLEEEEING.
 29226 | D:14     | 29226 ||| FLEEEEING.
 29227 | D:14     | 29227 ||| FLEEEEING.
 29228 | D:14     | 29228 ||| FLEEEEING.
 29229 | D:14     | 29229 ||| FLEEEEING.
 29230 | D:14     | 29230 ||| FLEEEEING.
 29231 | D:14     | 29231 ||| FLEEEEING.
 29232 | D:14     | 29232 ||| FLEEEEING.
 29233 | D:14     | 29233 ||| FLEEEEING.
 29234 | D:14     | 29234 ||| FLEEEEING.
 29235 | D:14     | 29235 ||| FLEEEEING.
 29236 | D:14     | 29236 ||| FLEEEEING.
 29237 | D:14     | 29237 ||| FLEEEEING.
 29238 | D:14     | 29238 ||| FLEEEEING.
 29239 | D:14     | 29239 ||| FLEEEEING.
 29241 | D:14     | 29241 ||| FLEEEEING.
 29242 | D:14     | 29242 ||| FLEEEEING.
 29243 | D:14     | 29243 ||| FLEEEEING.
 29244 | D:14     | 29244 ||| FLEEEEING.
 29245 | D:14     | 29245 ||| FLEEEEING.
 29246 | D:14     | 29246 ||| FLEEEEING.
 29247 | D:14     | 29247 ||| FLEEEEING.
 29248 | D:14     | 29248 ||| FLEEEEING.
 29249 | D:14     | 29249 ||| FLEEEEING.
 29250 | D:14     | 29250 ||| FLEEEEING.
 29251 | D:14     | 29251 ||| FLEEEEING.
 29252 | D:14     | 29252 ||| FLEEEEING.
 29253 | D:14     | 29253 ||| FLEEEEING.
 29254 | D:14     | 29254 ||| FLEEEEING.
 29255 | D:14     | 29255 ||| FLEEEEING.
 29368 | D:14     | 29368 ||| Stepping ~*~*~tactically~*~*~ (stealth).
 29371 | D:14     | 29371 ||| Stepping ~*~*~tactically~*~*~ (stealth).
 29383 | D:14     | 29383 ||| Stepping ~*~*~tactically~*~*~ (hiding).
 29389 | D:14     | 29389 ||| INVOKING Berserk.
 29391 | D:14     | Noticed Lodul
 29403 | D:14     | Killed Lodul
 29433 | D:14     | 29433 ||| FLEEEEING.
 29434 | D:14     | 29434 ||| FLEEEEING.
 29435 | D:14     | 29435 ||| FLEEEEING.
 29436 | D:14     | 29436 ||| FLEEEEING.
 29437 | D:14     | 29437 ||| FLEEEEING.
 29438 | D:14     | 29438 ||| FLEEEEING.
 29440 | D:14     | 29440 ||| FLEEEEING.
 29441 | D:14     | 29441 ||| FLEEEEING.
 29442 | D:14     | 29442 ||| FLEEEEING.
 29443 | D:14     | 29443 ||| FLEEEEING.
 29444 | D:14     | 29444 ||| FLEEEEING.
 29445 | D:14     | 29445 ||| FLEEEEING.
 29446 | D:14     | 29446 ||| FLEEEEING.
 29447 | D:14     | 29447 ||| FLEEEEING.
 29448 | D:14     | 29448 ||| FLEEEEING.
 29449 | D:14     | 29449 ||| FLEEEEING.
 29450 | D:14     | 29450 ||| FLEEEEING.
 29451 | D:14     | 29451 ||| FLEEEEING.
 29452 | D:14     | 29452 ||| FLEEEEING.
 29453 | D:14     | 29453 ||| FLEEEEING.
 29454 | D:14     | 29454 ||| FLEEEEING.
 29630 | D:14     | 29630 ||| READING scroll of enchant armour.
 29630 | D:14     | 29630 ||| ENCHANTING +1 pair of boots.
 29688 | D:14     | 29688 ||| FLEEEEING.
 29689 | D:14     | 29689 ||| FLEEEEING.
 29690 | D:14     | 29690 ||| FLEEEEING.
 29691 | D:14     | 29691 ||| FLEEEEING.
 29692 | D:14     | 29692 ||| FLEEEEING.
 29693 | D:14     | 29693 ||| FLEEEEING.
 29694 | D:14     | 29694 ||| FLEEEEING.
 29695 | D:14     | 29695 ||| FLEEEEING.
 29696 | D:14     | 29696 ||| FLEEEEING.
 29697 | D:14     | 29697 ||| FLEEEEING.
 29698 | D:14     | 29698 ||| FLEEEEING.
 29699 | D:14     | 29699 ||| FLEEEEING.
 29700 | D:14     | 29700 ||| FLEEEEING.
 29701 | D:14     | 29701 ||| FLEEEEING.
 29702 | D:14     | 29702 ||| FLEEEEING.
 29703 | D:14     | 29703 ||| FLEEEEING.
 29704 | D:14     | 29704 ||| FLEEEEING.
 29705 | D:14     | 29705 ||| FLEEEEING.
 29706 | D:14     | 29706 ||| FLEEEEING.
 29707 | D:14     | 29707 ||| FLEEEEING.
 29708 | D:14     | 29708 ||| FLEEEEING.
 29709 | D:14     | 29709 ||| FLEEEEING.
 29710 | D:14     | 29710 ||| FLEEEEING.
 29711 | D:14     | 29711 ||| FLEEEEING.
 29712 | D:14     | 29712 ||| FLEEEEING.
 29713 | D:14     | 29713 ||| FLEEEEING.
 29714 | D:14     | 29714 ||| FLEEEEING.
 29715 | D:14     | 29715 ||| FLEEEEING.
 29716 | D:14     | 29716 ||| FLEEEEING.
 29717 | D:14     | 29717 ||| FLEEEEING.
 29718 | D:14     | 29718 ||| FLEEEEING.
 29719 | D:14     | 29719 ||| FLEEEEING.
 29720 | D:14     | 29720 ||| FLEEEEING.
 29721 | D:14     | 29721 ||| FLEEEEING.
 29722 | D:14     | 29722 ||| FLEEEEING.
 29723 | D:14     | 29723 ||| FLEEEEING.
 29724 | D:14     | 29724 ||| FLEEEEING.
 29725 | D:14     | 29725 ||| FLEEEEING.
 29726 | D:14     | 29726 ||| FLEEEEING.
 29727 | D:14     | 29727 ||| FLEEEEING.
 29728 | D:14     | 29728 ||| FLEEEEING.
 29729 | D:14     | 29729 ||| FLEEEEING.
 29730 | D:14     | 29730 ||| FLEEEEING.
 29731 | D:14     | 29731 ||| FLEEEEING.
 29732 | D:14     | 29732 ||| FLEEEEING.
 29733 | D:14     | 29733 ||| FLEEEEING.
 29734 | D:14     | 29734 ||| FLEEEEING.
 29735 | D:14     | 29735 ||| FLEEEEING.
 29736 | D:14     | 29736 ||| FLEEEEING.
 29737 | D:14     | 29737 ||| FLEEEEING.
 29738 | D:14     | 29738 ||| FLEEEEING.
 29739 | D:14     | 29739 ||| STAIRDANCE
 29955 | D:14     | Found a gate to the Vaults.
 29993 | D:15     | Entered Level 15 of the Dungeon
 30047 | D:15     | 30047 ||| Stepping ~*~*~tactically~*~*~ (stealth).
 30056 | D:15     | Reached skill level 12 in Armour
 30154 | D:15     | Found Woziar's Assorted Antiques.
 30169 | D:15     | 30169 ||| BUYING potion of curing (93 gold).
 30169 | D:15     | Bought a potion of curing for 93 gold pieces
 30169 | D:15     | 30169 ||| BUYING potion of mutation (248 gold).
 30169 | D:15     | Bought a potion of mutation for 248 gold pieces
 30169 | D:15     | 30169 ||| BUYING slimy chain mail (294 gold).
 30169 | D:15     | Bought a slimy chain mail for 294 gold pieces
 30169 | D:15     | Identified the +5 chain mail "Boguyt" {rF+ Dex+3} (You
                  | bought it in a shop on level 15 of the Dungeon)
 30227 | D:15     | 30227 ||| INVOKING Trog's Hand.
 30228 | D:15     | 30228 ||| INVOKING Berserk.
 30427 | D:15     | Found a staircase to the Depths.
 30540 | D:15     | 30540 ||| Stepping ~*~*~tactically~*~*~ (stealth).
 30541 | D:15     | 30541 ||| INVOKING Berserk.
 30563 | D:15     | 30563 ||| INVOKING Brothers in Arms.
 30725 | D:15     | Found a sacrificial altar of Ru.
 30927 | D:15     | 30927 ||| PLANNING ORC
 30927 | D:15     | 30927 ||| UPGRADING to +5 chain mail "Boguyt" {rF+ Dex+3}.
 30937 | D:15     | 30937 ||| DROPPING +6 chain mail of Xabb {rF+}.
 31082 | Orc:1    | Entered Level 1 of the Orcish Mines
 31232 | Orc:1    | 31232 ||| Stepping ~*~*~tactically~*~*~ (hiding).
 31327 | Orc:1    | 31327 ||| INVOKING Trog's Hand.
 31334 | Orc:1    | 31334 ||| INVOKING Berserk.
 31524 | Orc:2    | Entered Level 2 of the Orcish Mines
 31648 | Orc:2    | Noticed Azrael
 31649 | Orc:2    | 31649 ||| Stepping ~*~*~tactically~*~*~ (hiding).
 31650 | Orc:2    | 31650 ||| Stepping ~*~*~tactically~*~*~ (hiding).
 31651 | Orc:2    | 31651 ||| INVOKING Brothers in Arms.
 31654 | Orc:2    | 31654 ||| INVOKING Berserk.
 31656 | Orc:2    | Killed Azrael
 31663 | Orc:2    | Found a staircase to the Elven Halls.
 31677 | Orc:2    | 31677 ||| INVOKING Trog's Hand.
 31691 | Orc:2    | 31691 ||| FLEEEEING.
 31692 | Orc:2    | 31692 ||| FLEEEEING.
 31693 | Orc:2    | 31693 ||| FLEEEEING.
 31694 | Orc:2    | 31694 ||| FLEEEEING.
 31695 | Orc:2    | 31695 ||| FLEEEEING.
 31696 | Orc:2    | 31696 ||| FLEEEEING.
 31697 | Orc:2    | 31697 ||| FLEEEEING.
 31709 | Orc:2    | 31709 ||| INVOKING Trog's Hand.
 31713 | Orc:2    | 31713 ||| INVOKING Berserk.
 31735 | Orc:2    | 31735 ||| INVOKING Brothers in Arms.
 31741 | Orc:2    | 31741 ||| INVOKING Trog's Hand.
 31755 | Orc:2    | 31755 ||| INVOKING Brothers in Arms.
 31757 | Orc:2    | 31757 ||| INVOKING Trog's Hand.
 31759 | Orc:2    | 31759 ||| INVOKING Berserk.
 31765 | Orc:2    | Found Offibb's Jewellery Shoppe.
 31765 | Orc:2    | Found Weduz's Magic Scroll Shop.
 31911 | Orc:2    | 31911 ||| BUYING amulet "Jyafil" {Reflect rPois rF+ SH+5}
                  | (674 gold).
 31911 | Orc:2    | Bought the amulet "Jyafil" {Reflect rPois rF+ SH+5} for 674
                  | gold pieces
 31991 | Orc:2    | 31991 ||| Stepping ~*~*~tactically~*~*~ (hiding).
 32082 | Orc:2    | 32082 ||| Stepping ~*~*~tactically~*~*~ (stealth).
 32083 | Orc:2    | 32083 ||| Stepping ~*~*~tactically~*~*~ (stealth).
 32085 | Orc:2    | 32085 ||| Stepping ~*~*~tactically~*~*~ (stealth).
 32086 | Orc:2    | 32086 ||| Stepping ~*~*~tactically~*~*~ (stealth).
 32104 | Orc:2    | 32104 ||| INVOKING Trog's Hand.
 32108 | Orc:2    | 32108 ||| INVOKING Berserk.
 32183 | Orc:2    | 32183 ||| Stepping ~*~*~tactically~*~*~ (stealth).
 32233 | Orc:2    | 32233 ||| INVOKING Berserk.
 32382 | Orc:2    | 32382 ||| Stepping ~*~*~tactically~*~*~ (stealth).
 32383 | Orc:2    | 32383 ||| Stepping ~*~*~tactically~*~*~ (stealth).
 32385 | Orc:2    | 32385 ||| Stepping ~*~*~tactically~*~*~ (hiding).
 32386 | Orc:2    | 32386 ||| Stepping ~*~*~tactically~*~*~ (hiding).
 32387 | Orc:2    | 32387 ||| Stepping ~*~*~tactically~*~*~ (hiding).
 32570 | Orc:2    | 32570 ||| Stepping ~*~*~tactically~*~*~ (stealth).
 32573 | Orc:2    | 32573 ||| Stepping ~*~*~tactically~*~*~ (stealth).
 32575 | Orc:2    | 32575 ||| Stepping ~*~*~tactically~*~*~ (hiding).
 32577 | Orc:2    | 32577 ||| Stepping ~*~*~tactically~*~*~ (hiding).
 32579 | Orc:2    | 32579 ||| Stepping ~*~*~tactically~*~*~ (hiding).
 32580 | Orc:2    | 32580 ||| INVOKING Trog's Hand.
 32581 | Orc:2    | 32581 ||| INVOKING Berserk.
 32723 | Orc:2    | 32723 ||| INVOKING Trog's Hand.
 32732 | Orc:2    | 32732 ||| INVOKING Berserk.
 32900 | Orc:2    | Found Mul Xoim's Weapon Shoppe.
 32900 | Orc:2    | Found Melu's Magic Scroll Shop.
 32914 | Orc:2    | 32914 ||| BUYING scroll of teleportation (36 gold).
 32914 | Orc:2    | Bought a scroll of teleportation for 36 gold pieces
 32925 | Orc:2    | 32925 ||| Stepping ~*~*~tactically~*~*~ (stealth).
 32927 | Orc:2    | 32927 ||| Stepping ~*~*~tactically~*~*~ (hiding).
 32928 | Orc:2    | 32928 ||| Stepping ~*~*~tactically~*~*~ (hiding).
 33088 | Orc:2    | 33088 ||| UPGRADING to amulet "Jyafil" {Reflect rPois rF+
                  | SH+5}.
 33098 | Orc:2    | 33098 ||| DROPPING amulet of the acrobat.
 33119 | Orc:1    | 33119 ||| Stepping ~*~*~tactically~*~*~ (stealth).
 33121 | Orc:1    | 33121 ||| Stepping ~*~*~tactically~*~*~ (hiding).
 33135 | Orc:1    | 33135 ||| Stepping ~*~*~tactically~*~*~ (stealth).
 33140 | Orc:1    | 33140 ||| Stepping ~*~*~tactically~*~*~ (stealth).
 33150 | Orc:1    | 33150 ||| Stepping ~*~*~tactically~*~*~ (hiding).
 33162 | Orc:1    | 33162 ||| Stepping ~*~*~tactically~*~*~ (hiding).
 33519 | Orc:1    | 33519 ||| PLANNING SHOALS:1-3
 33744 | Shoals:1 | Entered Level 1 of the Shoals
 33766 | Shoals:1 | 33766 ||| INVOKING Berserk.
 33826 | Shoals:1 | Reached XP level 16. HP: 107/107 MP: 16/16
 34002 | Shoals:1 | 34002 ||| Stepping ~*~*~tactically~*~*~ (hiding).
 34034 | Shoals:1 | Found Tuiceqex's Mass Market.
 34068 | Shoals:1 | 34068 ||| INVOKING Berserk.
 34073 | Shoals:1 | Reached skill level 15 in Fighting
 34087 | Shoals:1 | 34087 ||| Stepping ~*~*~tactically~*~*~ (stealth).
 34088 | Shoals:1 | 34088 ||| Stepping ~*~*~tactically~*~*~ (stealth).
 34095 | Shoals:1 | HP: 25/108 [water elemental[a merfolk aquamancer] (11)]
 34096 | Shoals:1 | 34096 ||| READING 5 scrolls of teleportation.
 34096 | Shoals:1 | HP: 11/108 [water elemental[a merfolk aquamancer] (9)]
 34097 | Shoals:1 | HP: 4/108 [water elemental (7)]
 34171 | Shoals:1 | 34171 ||| READING 4 scrolls of teleportation.
 34171 | Shoals:1 | HP: 22/108 [water elemental[a merfolk aquamancer] (3)]
 34172 | Shoals:1 | 34172 ||| INVOKING Berserk.
 34179 | Shoals:1 | HP: 8/108 [snapping turtle (16)]
 34180 | Shoals:1 | 34180 ||| READING 3 scrolls of teleportation.
 34214 | Shoals:1 | 34214 ||| READING 2 scrolls of teleportation.
 34218 | Shoals:1 | 34218 ||| READING scroll of teleportation.
 34219 | Shoals:1 | 34219 ||| INVOKING Berserk.
 34273 | Shoals:1 | HP: 12/108 [merfolk aquamancer/shard of ice (26)]
 34276 | Shoals:1 | 34276 ||| INVOKING Berserk.
 34615 | Shoals:1 | 34615 ||| SWAPPING to +0 broad axe.
 34790 | Shoals:1 | 34790 ||| DROPPING +5 war axe.
 34890 | Shoals:1 | 34890 ||| BUYING +3 plate armour of Space {rN+} (787 gold).
 34890 | Shoals:1 | Bought the +3 plate armour of Space {rN+} for 787 gold
                  | pieces
 34967 | Shoals:1 | 34967 ||| Stepping ~*~*~tactically~*~*~ (stealth).
 34968 | Shoals:1 | 34968 ||| Stepping ~*~*~tactically~*~*~ (stealth).
 34969 | Shoals:1 | 34969 ||| Stepping ~*~*~tactically~*~*~ (stealth).
 35437 | Shoals:1 | 35437 ||| READING scroll labelled SAIWNE FOSSIDE.
 35545 | Shoals:2 | Found Tate's Distillery.
 35584 | Shoals:2 | 35584 ||| INVOKING Brothers in Arms.
 35585 | Shoals:2 | 35585 ||| INVOKING Brothers in Arms.
 35586 | Shoals:2 | 35586 ||| INVOKING Brothers in Arms.
 35602 | Shoals:2 | Noticed Ilsuiw
 35607 | Shoals:2 | 35607 ||| INVOKING Berserk.
 35628 | Shoals:2 | HP: 27/108 [merfolk javelineer/silver javelin[Ilsuiw] (1)]
 35628 | Shoals:2 | HP: 13/108 [merfolk impaler/+2 trident of flaming[Ilsuiw]
                  | (1)]
 35629 | Shoals:2 | 35629 ||| READING 2 scrolls of teleportation.
 35629 | Shoals:2 | HP: 4/108 [Ilsuiw/+0 trident of freezing (3)]
 35630 | Shoals:2 | Mangled by a water elemental

Levels and vault maps discovered:
D:1:      dpeg_arrival_ratfight, layout_loops_ring, serial_shops, shop,
          wad_woods_river_04
D:2:      minmay_recursive_quarters, layout_basic,
          chequers_ecumenical_altar_lobes, grunt_decor_junction
D:3:      layout_loops_ring, nicolae_vehumet_altar_sigil,
          corexii_hall_statues_x, grunt_decor_mini_mirrors,
          minmay_increasing_density
D:4:      layout_layer_cave, dancing_weapons_uskayaw, minmay_temple_entry_ruins,
          nicolae_shop_dragon_depot, serial_bayou_lagoon_a,
          minmay_misc_feat_pillars
D:5:      layout_loops_cross, kennysheep_decorative_pillar
D:6:      layout_loops_ring, kennysheep_big_empty_room, minivault_27,
          serial_bayou_pond_e, nrook_loot_triangle
D:7:      layout_loops_ring, nicolae_ossuary_entry_ruins
D:8:      layout_basic, enter_bailey_3, st_stairs_14, serial_bayou_ford_a
D:9:      layout_layer_cave, chequers_temple_overflow_minitemple,
          ebering_ghost_reflecting_pool, chequers_serial_rivers_micro_c,
          st_stairs_14, chequers_hall_statues_wall_a, minivault_7
D:10:     layout_roguey, kennysheep_okawaru_gauntlet,
          grunt_dithmenos_smoke_and_mirrors, small_statue_intersection,
          uniq_maurice
D:11:     layout_stronghold, minmay_lair_entry_lava, orc_0_dummy
D:12:     layout_roguey
D:13:     layout_irregular_city, gammafunk_ghost_hydra_chop
D:14:     nicolae_cairo_tiling_very_big, layout_basic, david_vaults_3,
          grunt_decor_arrowhead, uniq_lodul
D:15:     hangedman_depths_entry_try_elsewhere_first, layout_irregular_city,
          serial_shops, shop_coins, nicolae_ru_sacrificial_ziggurat, uniq_rupert
Lair:1:   layout_layer_cave
Lair:2:   layout_cave_pods, small_statue_intersection, lemuel_centaur_altar
Lair:3:   layout_hall_layers, elwin_shoals_entry_stream, dummy_spider_entry,
          ebering_ghost_funeral_grove, uniq_snorg
Lair:4:   nzn_winding_woodlands_stair_trap [nzn_winding_woodlands_5x15_eye,
          nzn_winding_woodlands_5x15_pockets,
          nzn_winding_woodlands_5x15_split_checker,
          nzn_winding_woodlands_15x15_eel_pit,
          nzn_winding_woodlands_5x15_concentric,
          nzn_winding_woodlands_5x15_pathside_ponds,
          nzn_winding_woodlands_5x15_jagged], layout_regular_city, slime_entry_1
Lair:5:   due_jungle_book, layout_cave_pods, basic_altar
Shoals:1: nicolae_shoals_island_circles, layout_shoals, minmay_shop_mass
Shoals:2: layout_shoals, serial_shops, nicolae_shop_stone, uniq_ilsuiw
Orc:1:    layout_diamond_mine, basic_altar
Orc:2:    st_orc_town, layout_diamond_mine, bh_open_orc_temple, uniq_azrael

Skill      XL: |  1  2  3  4  5  6  7  8  9 10 11 12 13 14 15 16 |
---------------+-------------------------------------------------+-----
Axes           | 3 4 5 6 7 8 10 12 13 14 16 | 16.6
Fighting       | 4 5 6 8 9 10 11 12 14 15 | 15.0
Armour         | 3 4 5 6 9 11 12 | 12.4
Dodging        | 2 3 4 5 |  5.0
Shields        | 9 11 12 13 14 | 14.1
Throwing       | 1 4 |  4.1

Action                   |  1- 3 |  4- 6 |  7- 9 | 10-12 | 13-15 | 16-18 || total
-------------------------+-------+-------+-------+-------+-------+-------++-------
Melee: Hand axe          |   110 |   143 |   151 |       |       |       ||   404
       Punch             |     1 |     2 |     2 |     3 |       |       ||     8
       War axe           |       |       |   130 |   721 |  1454 |    69 ||  2374
       Whip              |       |       |       |    12 |     7 |       ||    19
       Broad axe         |       |       |       |       |       |   135 ||   135
Throw: Boomerang         |       |       |       |    13 |   135 |     3 ||   151
       Javelin           |       |       |       |    10 |    13 |       ||    23
Invok: Berserk           |     4 |     6 |    12 |    21 |    34 |     5 ||    82
       Brothers in Arms  |       |       |       |     2 |     7 |     1 ||    10
       Trog's Hand       |       |       |       |       |    10 |       ||    10
  Use: Scroll            |     9 |     8 |     6 |    11 |     8 |     7 ||    49
       Potion            |     1 |     3 |       |       |     2 |       ||     6
 Stab: Distracted        |       |       |       |       |     3 |       ||     3
Armor: Animal skin       |    30 |       |       |       |       |       ||    30
       Leather armour    |    10 |       |       |       |       |       ||    10
       Chain mail        |       |    72 |   199 |   532 |   590 |    91 ||  1484
Dodge: Dodged            |    61 |    51 |   122 |   362 |   502 |    85 ||  1183
Block: Kite shield       |       |       |       |   287 |   666 |   174 ||  1127
       Reflection        |       |       |       |       |       |    14 ||    14

Table legend:
 A = Non-vault XP
 B = Vault XP
 C = Vault XP percentage of total XP
 D = Non-vault monster count
 E = Vault monster count
 F = Vault count percentage of total count
                 A         B        C        D         E       F
            +---------+---------+-------+---------+---------+-------
      Total |   99115 |   46367 |  31.9 |     553 |     198 |  26.4
            +---------+---------+-------+---------+---------+-------
        D:1 |      33 |       5 |  13.2 |      19 |       5 |  20.8
        D:2 |      88 |       9 |   9.3 |      19 |       5 |  20.8
        D:3 |     164 |      24 |  12.8 |      26 |       7 |  21.2
        D:4 |     308 |       0 |   0.0 |      20 |       0 |   0.0
        D:5 |     863 |       0 |   0.0 |      25 |       0 |   0.0
        D:6 |     403 |       0 |   0.0 |       9 |       0 |   0.0
        D:7 |    1611 |       0 |   0.0 |      26 |       0 |   0.0
        D:8 |    1271 |       9 |   0.7 |      15 |       5 |  25.0
        D:9 |    4274 |    1576 |  26.9 |      42 |      19 |  31.1
       D:10 |    2720 |     520 |  16.0 |      37 |       1 |   2.6
       D:11 |    4125 |     905 |  18.0 |      24 |       1 |   4.0
       D:12 |    3964 |       0 |   0.0 |      20 |       0 |   0.0
       D:13 |    1607 |       0 |   0.0 |       4 |       0 |   0.0
       D:14 |   12723 |    8434 |  39.9 |      35 |      26 |  42.6
       D:15 |    8639 |    3034 |  26.0 |      15 |       4 |  21.1
     Lair:1 |    4586 |       0 |   0.0 |      19 |       0 |   0.0
     Lair:2 |    4182 |    1434 |  25.5 |      15 |       5 |  25.0
     Lair:3 |    4969 |    1401 |  22.0 |      21 |       4 |  16.0
     Lair:4 |   10628 |    4196 |  28.3 |      40 |      14 |  25.9
     Lair:5 |   11290 |   15545 |  57.9 |      38 |      34 |  47.2
   Shoals:1 |   13611 |       0 |   0.0 |      30 |       0 |   0.0
   Shoals:2 |    4078 |     298 |   6.8 |       9 |       1 |  10.0
      Orc:1 |    2200 |       0 |   0.0 |      42 |       0 |   0.0
      Orc:2 |     778 |    8977 |  92.0 |       3 |      67 |  95.7
            +---------+---------+-------+---------+---------+-------
